 Dungeon Crawl Stone Soup version 0.19.1 (webtiles) character file.

7144 Milesaru the Basher (level 10, -4/94 HPs)
             Began as a Minotaur Hunter on Nov 29, 2016.
             Was a Priest of the Shining One.
             Slain by a two-headed ogre
             ... wielding a +0 giant spiked club
              (27 damage)
             ... on level 10 of the Dungeon on Nov 30, 2016.
             The game lasted 00:30:08 (7801 turns).

Milesaru the Basher (Minotaur Hunter)               Turns: 7801, Time: 00:30:09

Health: -4/94      AC: 21    Str: 18    XL:     10   Next: 85%
Magic:  9/9        EV:  7    Int:  8    God:    the Shining One [***...]
Gold:   404        SH:  0    Dex: 13    Spells: 0 memorised, 9 levels left

rFire  . . .     SeeInvis .     p - +5 flail (crush)
rCold  . . .     Gourm    .     O - +0 plate armour
rNeg   + . .     Faith    .     (no shield)
rPois  .         Spirit   .     B - +0 hat
rElec  .         Reflect  .     s - +1 cloak
rCorr  .         Harm     +     k - +0 pair of gloves
MR     .....                    R - +2 pair of boots
Stlth  ..........               F - amulet of harm
                                (no ring)
                                E - ring of stealth

@: glowing
A: retaliatory headbutt, horns 2
a: Divine Shield, Renounce Religion


You were on level 10 of the Dungeon.
You worshipped the Shining One.
The Shining One was most pleased with you.
You were not hungry.

You visited 1 branch of the dungeon, and saw 10 of its levels.

You collected 404 gold pieces.

Inventory:

Hand Weapons
 a - a +1 hand crossbow
 b - a +0 short sword
 p - a +5 flail of crushing (weapon)
Missiles
 I - a bolt
Armour
 k - a +0 pair of gloves (worn)
 s - a +1 cloak (worn)
 B - a +0 hat (worn)
 O - a +0 plate armour (worn)
 R - a +2 pair of boots (worn)
Jewellery
 i - an uncursed amulet of regeneration
 E - a ring of stealth (left hand)
 F - an amulet of harm (around neck)
 Q - an uncursed ring of fire {unknown}
Wands
 q - a wand of slowing (13/48)
 K - a wand of polymorph (15/24)
 L - a wand of digging (14/24)
 N - a wand of teleportation (3/9)
Scrolls
 d - a scroll of enchant armour {unknown}
 g - 4 scrolls of remove curse
 r - 3 scrolls of identify
 t - a scroll of immolation {unknown}
 w - 3 scrolls of magic mapping {unknown}
 z - 3 scrolls of teleportation {unknown}
 C - 3 scrolls of random uselessness
 G - 2 scrolls of blinking {unknown}
 H - a scroll of fear {unknown}
 M - a scroll of recharging {unknown}
Potions
 c - 2 potions of agility {unknown}
 e - 3 potions of curing
 h - 4 potions of invisibility
 j - 4 potions of might {unknown}
 m - a potion of heal wounds {unknown}
 n - a potion of flight {unknown}
 o - 2 potions of lignification {unknown}
 x - 2 potions of cancellation {unknown}
 J - a potion of resistance {unknown}
 P - a potion of haste {unknown}
Books
 u - a book of Misfortune

   Spells                             Type                      Level
   a - Confusing Touch                Hexes                        1
   b - Confuse                        Hexes                        3
   c - Gell's Gravitas                Hexes/Translocation          3
   d - Petrify                        Transmutation/Earth          4
   e - Metabolic Englaciation         Hexes/Ice                    5
   f - Yara's Violent Unravelling     Hexes/Transmutation          5
 y - a book of Maledictions

   Spells                             Type                      Level
   a - Corona                         Hexes                        1
   b - Ensorcelled Hibernation        Hexes/Ice                    2
   c - Confuse                        Hexes                        3
   d - Tukima's Dance                 Hexes                        3
   e - Dazzling Spray                 Conjuration/Hexes            3
Comestibles
 f - 4 bread rations
 l - 4 chunks of flesh
 v - 2 slices of pizza
 A - 3 meat rations
 D - 2 fruits
 S - 2 beef jerkies


   Skills:
 + Level 10.3 Fighting
 * Level 11.0 Maces & Flails
 - Level 9.3 Crossbows
 + Level 9.7 Armour
 - Level 2.1 Dodging
 - Level 0.7 Stealth


You had 9 spell levels left.
You didn't know any spells.

Dungeon Overview and Level Annotations

Branches:
Dungeon (10/15)            Temple (0/1) D:5            Lair (0/6) D:9
    Orc (0/2) D:9

Altars:
Dithmenos
Gozag
Hepliaklqana
Nemelex Xobeh
Trog
Uskayaw
Vehumet
Yredelemnul
The Shining One

Shops:
D:5 =


Innate Abilities, Weirdness & Mutations

You reflexively headbutt those who attack you in melee.
You have a pair of horns on your head.


Message History

The hornet stings you but does no damage.
You feel better. The hornet barely misses you. You furiously retaliate!
You headbutt the hornet!
The hornet stings you but does no damage.
You sock the hornet!
You kill the hornet!
The unseen horror barely misses you. You furiously retaliate!
You headbutt the unseen horror. You sock the unseen horror!
You kill the unseen horror!
Your Maces & Flails skill increases to level 11!
You hit the two-headed ogre. You headbutt the two-headed ogre.
The two-headed ogre is moderately wounded.
The two-headed ogre hits you with a giant spiked club!
* * * LOW HITPOINT WARNING * * *
The two-headed ogre hits you but does no damage.
You fail to use your ability.
You feel better.
The two-headed ogre hits you with a giant spiked club!!
You die...

#.# .. #.# #.## #.#
#... ..# #..# #.######
.... ##..#
#......+..... ...#
#.######..... .
####.###.#..#...... ...
#CO@..........#....
.....##.###.##.#......#
.........##..#.#......#
...:..$..###.#.##..<..#
.........#
...##.....#.#
.........#
#..##..)....#
.........#
#.>##.....###
...$.....# #.........#
.........# #.........#


You could see a hill giant and a two-headed ogre.

Vanquished Creatures
  Erica (D:8)
  An unseen horror (D:10)
  Pikel (D:6)
  A hill giant (D:10)
  A deep elf mage (D:9)
  The ghost of Paps the Gusty, a novice HEAE of Sif Muna (D:5)
  A hornet (D:10)
  Eustachio (D:6)
  A vampire (D:10)
  Menkaure (D:5)
  Edmund (D:6)
  Duvessa (D:6)
  2 water moccasins
  3 orc warriors
  2 ice beasts (D:5)
  A slave (D:6)
  A sky beast (D:8)
  4 ogres
  2 centaurs
  A big kobold (D:7)
  Blork the orc (D:4)
  2 bullfrogs (D:8)
  A gnoll sergeant (D:9)
  Dowan (D:6)
  2 scorpions
  9 killer bees
  4 crimson imps
  A quasit (D:6)
  2 bullfrog zombies
  3 hounds
  A jelly (D:9)
  3 orc priests
  2 centaur skeletons
  2 orc wizards (D:7)
  Jessica (D:3)
  Ijyb (D:3)
  Terence (D:3)
  6 iguanas
  4 worker ants
  A hound skeleton (D:8)
  Robin (D:3)
  5 gnolls (D:9)
  10 adders
  2 shadow imps (D:6)
  An ooze (D:6)
  A worm (D:3)
  3 dart slugs
  4 leopard geckos
  28 orcs
  4 hobgoblins
  16 jackals
  11 kobolds
  3 quokkas
  A ball python (D:5)
  7 bats
  3 frilled lizards
  17 goblins
  2 jackal skeletons (D:6)
  A leopard gecko zombie (D:5)
  A quokka skeleton (D:7)
  7 rats
204 creatures vanquished.

Notes
Turn   | Place    | Note
-------+----------+-------------------------------------------
     0 | D:1      | Milesaru the Minotaur Hunter began the quest for the Orb.
     0 | D:1      | Reached XP level 1. HP: 18/18 MP: 0/0
    67 | D:1      | Reached XP level 2. HP: 15/25 MP: 1/1
   137 | D:1      | Reached skill level 5 in Crossbows
   141 | D:1      | Reached skill level 1 in Armour
   598 | D:1      | Reached XP level 3. HP: 30/30 MP: 2/2
  1037 | D:2      | Found a radiant altar of Vehumet.
  1204 | D:2      | Found an opulent altar of Gozag.
  1603 | D:3      | Found a glowing golden altar of the Shining One.
  1626 | D:3      | Reached XP level 4. HP: 36/37 MP: 3/3
  1667 | D:3      | Noticed Terence
  1671 | D:3      | Killed Terence
  1696 | D:3      | Noticed Robin
  1730 | D:3      | Noticed Jessica
  1732 | D:3      | Killed Robin
  1736 | D:3      | Killed Jessica
  1736 | D:3      | Reached XP level 5. HP: 18/45 MP: 4/4
  1913 | D:3      | Noticed Ijyb
  1918 | D:3      | Killed Ijyb
  2302 | D:3      | Became a worshipper of the Shining One
  2435 | D:4      | Noticed Blork the orc
  2450 | D:4      | Killed Blork the orc
  2450 | D:4      | Reached XP level 6. HP: 39/52 MP: 5/5
  3184 | D:5      | Entered Level 5 of the Dungeon
  3195 | D:5      | Reached XP level 7. HP: 60/60 MP: 6/6
  3296 | D:5      | Found Madousm's Jewellery Emporium.
  3325 | D:5      | Reached skill level 5 in Fighting
  3392 | D:5      | Noticed Paps's ghost (novice HEAE)
  3424 | D:5      | Killed Paps's ghost
  3424 | D:5      | Reached skill level 5 in Armour
  3435 | D:5      | Noticed Menkaure
  3459 | D:5      | Reached * piety under the Shining One
  3642 | D:5      | Found a basalt altar of Yredelemnul.
  3693 | D:5      | Reached XP level 8. HP: 70/70 MP: 7/7
  3890 | D:5      | Found a staircase to the Ecumenical Temple.
  3896 | D:5      | Killed Menkaure
  4395 | D:6      | Reached skill level 1 in Maces & Flails
  4404 | D:6      | Noticed Edmund
  4421 | D:6      | Killed Edmund
  4421 | D:6      | Reached skill level 2 in Maces & Flails
  4603 | D:6      | Noticed Duvessa
  4611 | D:6      | Noticed Eustachio
  4612 | D:6      | Noticed Dowan
  4619 | D:6      | Killed Duvessa
  4619 | D:6      | Reached skill level 3 in Maces & Flails
  4625 | D:6      | Killed Eustachio
  4634 | D:6      | Reached skill level 4 in Maces & Flails
  4637 | D:6      | HP: 3/73 [Dowan/stone arrow (15)]
  4640 | D:6      | Killed Dowan
  5015 | D:6      | Found a sparkling altar of Nemelex Xobeh.
  5031 | D:6      | Reached XP level 9. HP: 60/79 MP: 8/8
  5072 | D:6      | Noticed Pikel
  5081 | D:6      | Killed Pikel
  5081 | D:6      | Reached skill level 5 in Maces & Flails
  5537 | D:7      | Reached ** piety under the Shining One
  5546 | D:7      | Reached skill level 6 in Maces & Flails
  6220 | D:8      | Noticed Erica
  6230 | D:8      | Killed Erica
  6230 | D:8      | Reached skill level 8 in Maces & Flails
  6319 | D:8      | Found a hide-covered altar of Uskayaw.
  6319 | D:8      | Noticed a hand axe
  6319 | D:8      | Noticed a hand axe
  6343 | D:8      | Reached XP level 10. HP: 62/91 MP: 9/9
  6462 | D:8      | Got a crystal flail
  6463 | D:8      | Identified the cursed +1 flail "Cuepni" {drain, rElec rC- MR++ Dex+3} (You found it on level 8 of the Dungeon)
  6784 | D:8      | Found a hide-covered altar of Uskayaw.
  6995 | D:8      | Found a bloodstained altar of Trog.
  7169 | D:9      | Reached skill level 9 in Maces & Flails
  7298 | D:9      | Found a staircase to the Orcish Mines.
  7303 | D:9      | Found a staircase to the Lair.
  7320 | D:9      | Found a hazy altar of Hepliaklqana.
  7352 | D:9      | Found a shadowy altar of Dithmenos.
  7709 | D:9      | Noticed a deep elf mage
  7719 | D:9      | Killed a deep elf mage
  7752 | D:10     | Entered Level 10 of the Dungeon
  7752 | D:10     | Noticed a hill giant
  7759 | D:10     | Reached skill level 10 in Maces & Flails
  7762 | D:10     | Reached *** piety under the Shining One
  7763 | D:10     | Killed a hill giant
  7763 | D:10     | Reached skill level 10 in Fighting
  7785 | D:10     | Noticed a hill giant
  7787 | D:10     | Noticed an unseen horror
  7798 | D:10     | Killed an unseen horror
  7798 | D:10     | Reached skill level 11 in Maces & Flails
  7801 | D:10     | Slain by a two-headed ogre

Skill      XL: |  1  2  3  4  5  6  7  8  9 10 |
---------------+-------------------------------+-----
Crossbows      | 5 6 7 8 9 |  9.3
Armour         | 1 2 3 4 5 6 8 9 |  9.7
Fighting       | 3 4 5 7 9 10 | 10.3
Maces & Flails | 4 8 11 | 11.0
Dodging        | |  2.1
Stealth        | |  0.7

Action                   |  1- 3 |  4- 6 |  7- 9 | 10-12 || total
-------------------------+-------+-------+-------+-------++-------
Melee: Mace              |       |       |    47 |       ||    47
       Headbutt          |       |       |    22 |    17 ||    39
       Flail             |       |       |    87 |   125 ||   212
 Fire: Hand crossbow     |    95 |   115 |    82 |       ||   292
  Use: Scroll            |       |     2 |     5 |     1 ||     8
       Potion            |       |       |     1 |     2 ||     3
  Eat: Chunk             |     1 |     1 |     7 |     5 ||    14
       Meat ration       |       |     1 |       |       ||     1
       Royal jelly       |       |       |     1 |       ||     1
Armor: Leather armour    |     2 |       |       |       ||     2
       Scale mail        |    13 |    38 |   119 |       ||   170
       Plate armour      |       |       |     5 |    74 ||    79
Dodge: Dodged            |    31 |    29 |   104 |    39 ||   203
